 Seeded DCSS version 0.28.0-62-gf88900778d (webtiles) character file.

Game seed: 13591998346360536447 (custom seed)

0 Psyclone the Conjurer (level 1, -3/11 HPs)
             Began as an Octopode Conjurer on Oct 22, 2023.
             Slain by a kobold
             ... wielding a +0 dagger
              (4 damage)
             ... on level 1 of the Dungeon.
             The game lasted 00:00:04 (32 turns).

Psyclone the Conjurer (Octopode Conjurer)             Turns: 32, Time: 00:00:04

Health: -3/11      AC:  1    Str:  6    XL:     1   Next: 0%
Magic:  3/3        EV: 13    Int: 20    God:
Gold:   0          SH:  0    Dex: 10    Spells: 3/4 levels left

rFire   . . .      SeeInvis .   (no weapon)
rCold   . . .      Faith    .   (no shield)
rNeg    . . .      Spirit   .   (helmet restricted)
rPois   .          Reflect  .   (no amulet)
rElec   .          Harm     .   (no ring)
rCorr   .          Rampage  .   (no ring)
Will    .....                   (no ring)
Stlth   +++.......              (no ring)
HPRegen 0.03/turn               (no ring)
MPRegen 0.08/turn               (no ring)
                                (no ring)
                                (no ring)

@: no status effects
A: almost no armour, amphibious, 8 rings, camouflage 1, gelatinous body 1,
(nimble swimmer 1), tentacles
a: no special abilities


You were on level 1 of the Dungeon.
You visited 1 branch of the dungeon, and saw 1 of its levels.

You aren't carrying anything.


   Skills:
 - Level 2.0 Dodging
 - Level 2.6 Stealth
 - Level 2.0 Spellcasting
 + Level 4.0 Conjurations


You had 3 spell levels left.
You knew the following spells:

 Your Spells              Type           Power      Damage    Failure   Level
a - Magic Dart            Conj           72%        1d6       3%          1

Your spell library contained the following spells:

 Spells                   Type           Power      Damage    Failure   Level
 Searing Ray              Conj           36%        2d5       4%          2
 Dazzling Flash           Conj/Hex       20%        N/A       21%         3
 Fulminant Prism          Conj/Hex       5%         3d7       56%         4
 Iskenderun's Mystic Bla  Conj/Tloc      10%        2d4       56%         4


Dungeon Overview and Level Annotations

Branches:
Dungeon (1/15)

Altars:


Innate Abilities, Weirdness & Mutations

You cannot wear most types of armour.
You are amphibious.
You can wear up to eight rings at the same time.
Your skin changes colour to match your surroundings (Stealth+).
Your rubbery body absorbs attacks. (AC +1, EV +1)
((You are camouflaged when in or above water. (Stealth+)))
You have tentacles for arms and can constrict up to eight enemies at once.


Message History

Your line of fire to the targeted floor is blocked by a plant.
Continue anyway? [Y]es or [N]o only, please.
Your line of fire to the targeted floor is blocked by a plant.
Continue anyway? [Y]es or [N]o only, please.
Your line of fire to the targeted floor is blocked by a plant.
Continue anyway? [Y]es or [N]o only, please.
Your line of fire to the targeted floor is blocked by a plant.
Continue anyway? [Y]es or [N]o only, please.
Your line of fire to the targeted floor is blocked by a plant.
Continue anyway?
Okay, then.
There is a staircase leading out of the dungeon here.
Found a leather armour.
You're too inexperienced to learn that spell!
Unknown command.
You can't go down here!
You tentacle-slap the fungus.
The fungus begins to die.
You grab the fungus. You squeeze the fungus.
The fungus is lightly damaged.
You constrict the fungus, but do no damage.
You tentacle-slap the fungus. You squeeze the fungus!
The fungus is lightly damaged.
You constrict the fungus.
You release your grip on the fungus.
A nearby fungus withers and dies.
You tentacle-slap the plant.
The plant begins to die.
You grab the plant. You squeeze the plant.
The plant is lightly damaged.
You constrict the plant.
You release your grip on the plant.
A nearby plant withers and dies.
The kobold barely misses you. The kobold hits you with a +0 dagger.
Found a scroll labelled RYRIN GIME.
You take 2 damage, and have 9/11 hp.
The kobold hits you with a +0 dagger. The kobold hits you with a +0 dagger.
* * * LOW HITPOINT WARNING * * *
The kobold barely misses you. The kobold hits you but does no damage.
The kobold hits you with a +0 dagger.
You die...

#.P.....<....P.♣
#....P.....P.....#
#####............♣......
..>..[..♣.♣.P...P.........
..#.......♣P..P.....P.....
.....#..♣.P....♣.♣........
.######.........♣.....#...
#?###.K♣.....♣....####.
#.....@.......
#.#########... ... #.


You could see a kobold.

Vanquished Creatures (others)
  A fungus (D:1)
  A plant (D:1)
2 creatures vanquished.

Notes
Turn   | Place    | Note
-------+----------+-------------------------------------------
     0 | D:1      | Psyclone the Octopode Conjurer began the quest for the Orb.
     0 | D:1      | Reached XP level 1. HP: 11/11 MP: 3/3
    32 | D:1      | Slain by a kobold

Illustrated notes

Levels and vault maps discovered:
D:1:      wander_arrival_fairy_ring, layout_basic, chequers_serial_rivers_room_a

Action                   || total
-------------------------++-------
Melee: Unarmed           ||     3
       Tentacles         ||     3
       Constrict         ||     2
Armor: Skin              ||     1
Dodge: Dodged            ||     2
